 Dungeon Crawl Stone Soup version 0.30.0-29-ga12c61a403 (webtiles) character file.

Game seed: 1260989085334961825

175 hawla the Firebug (level 5, -8/28 HPs)
             Began as a Deep Elf Fire Elementalist on June 12, 2023.
             Mangled by a gnoll
             ... wielding a +1 halberd of protection
              (14 damage)
             ... on level 3 of the Dungeon.
             The game lasted 00:08:20 (2570 turns).

hawla the Firebug (Deep Elf Fire Elementalist)      Turns: 2570, Time: 00:08:20

Health: -8/28      AC:  3    Str:  5    XL:     5   Next: 29%
Magic:  3/12       EV: 12    Int: 22    God:
Gold:   93         SH:  0    Dex: 15    Spells: 4/11 levels left

rFire   . . .        j - +1 dagger
rCold   . . .        (no shield)
rNeg    . . .        a - +0 robe
rPois   .            (no helmet)
rElec   .            (no cloak)
rCorr   .            l - +0 pair of gloves
SInv    .            (no boots)
Will    .....        (no amulet)
Stlth   ++           (no ring)
HPRegen 0.24/turn    (no ring)
MPRegen 0.13/turn

%: no passive effects
@: no status effects
A: no striking features
a: no special abilities


You were on level 3 of the Dungeon.
You visited 1 branch of the dungeon, and saw 3 of its levels.

You collected 93 gold pieces.

Inventory:

Hand Weapons
 j - a +1 dagger (weapon)
Armour
 a - a +0 robe (worn)
 l - a +0 pair of gloves (worn)
Wands
 c - a wand of quicksilver (16) (quivered)
 d - a wand of flame (9)
Scrolls
 i - 2 scrolls of fog
 n - a scroll of fear {unknown}
Potions
 b - a potion of magic
 e - a potion of curing
 f - a potion of heal wounds {unknown}
 g - a potion of cancellation {unknown}
 h - 2 potions of attraction {unknown}
 k - a potion of mutation {unknown}
 m - a potion of degeneration {unknown}


   Skills:
 - Level 2.6 Dodging
 - Level 2.4 Stealth
 - Level 3.7 Spellcasting
 + Level 4.2 Conjurations
 - Level 4.6 Fire Magic


You had 4 spell levels left.
You knew the following spells:

 Your Spells              Type           Power      Damage    Failure   Level
a - Foxfire               Conj/Fire      92%        2x1d8     1%          1
b - Scorch                Fire           48%        2d7       2%          2
c - Flame Wave            Conj/Fire      23%        2d8       19%         4

Your spell library contained the following spells:

 Spells                   Type           Power      Damage    Failure   Level
 Inner Flame              Hex/Fire       14%        N/A       14%         3
 Volatile Blastmotes      Fire/Tloc      28%        2d12      14%         3
 Poisonous Vapours        Pois/Air       8%         N/A       17%         2
 Mephitic Cloud           Conj/Pois/Air  10%        N/A       19%         3
 Freezing Cloud           Conj/Ice/Air   5%         6-21      87%         5


Dungeon Overview and Level Annotations

Branches:
Dungeon (3/15)

Altars:

Shops:
D:3 :


Message History

Confirm with . or Enter, or press ? or * to list all spells.
You conjure some foxfire!
The foxfire hits the gnoll.
The gnoll is almost dead.
The foxfire hits the gnoll.
You kill the gnoll!
An orc comes into view. It is wielding a +0 war axe.
Your Conjurations skill increases to level 4!
Casting: Foxfire (safe; 1% risk of failure)
Confirm with . or Enter, or press ? or * to list all spells.
You conjure some foxfire!
The foxfire hits the gnoll.
The gnoll is heavily wounded.
The foxfire hits the gnoll.
You kill the gnoll!
Unknown command.
Unknown command.
The foxfire hits the endoplasm.
The endoplasm is moderately wounded.
The foxfire hits the endoplasm.
You kill the endoplasm!
The gnoll hits you from afar with a +1 halberd of protection.
Found a stone staircase leading up.
The gnoll hits you with a +1 halberd of protection!
The orc hits you with a +0 war axe!
* * * LOW HITPOINT WARNING * * *
Casting: Foxfire (safe; 1% risk of failure)
Confirm with . or Enter, or press ? or * to list all spells.
The spell is extremely dangerous to miscast (19% risk of failure)!
Continue anyway?
Casting: Flame Wave (extremely dangerous; 19% risk of failure)
Press: ? - help, Dir - look around, f - activate A wave of flame ripples out!
The flame wave engulfs the orc!
You kill the orc!
The flame wave engulfs the gnoll.
The gnoll is moderately wounded. (Press . to intensify the flame waves.)
The gnoll closely misses you.
A wave of flame ripples out!
The flame wave engulfs the gnoll.
The gnoll is heavily wounded.
The gnoll hits you with a +1 halberd of protection!
Ouch! That really hurt!
You die...

...... #..... .<....#+###
........# .. .).....# ..#
.... #..$..+......
....#####)g..#.....#
...........@#.......#..
......###...........#..
.................##....
...................(...
#..............##......
#..............##......
..#........####..........
..#........##......####.
.......#'###......##.#


You could see a gnoll.

Vanquished Creatures
  Natasha (twice) (D:2)
  Terence (D:3)
  2 gnolls (D:3)
  2 adders (D:2)
  3 worms (D:2)
  A dart slug (D:1)
  2 orcs (D:3)
  3 ball pythons (D:1)
  4 endoplasms
  A giant cockroach (D:2)
  3 goblins
  3 hobgoblins
  6 jackals (D:1)
  3 kobolds
  A quokka (D:1)
  8 bats
  4 frilled lizards
  7 rats
56 creatures vanquished.

Vanquished Creatures (others)
  167 foxfires
167 creatures vanquished.

Grand Total: 223 creatures vanquished

Notes
Turn   | Place    | Note
-------+----------+-------------------------------------------
     0 | D:1      | hawla the Deep Elf Fire Elementalist began the quest for
                  | the Orb.
     0 | D:1      | Reached XP level 1. HP: 10/10 MP: 6/6
   180 | D:1      | Reached XP level 2. HP: 15/15 MP: 2/8
   755 | D:1      | Reached XP level 3. HP: 19/19 MP: 1/9
  1474 | D:2      | Noticed Natasha
  1497 | D:1      | Learned a level 2 spell: Scorch
  1600 | D:2      | Killed Natasha
  1601 | D:2      | Reached XP level 4. HP: 24/24 MP: 4/11
  1606 | D:2      | Learned a level 4 spell: Flame Wave
  2052 | D:2      | Noticed Natasha
  2070 | D:2      | Killed Natasha
  2272 | D:3      | Found Diliah's Book Shoppe.
  2316 | D:3      | Found a faded altar of an unknown god.
  2381 | D:3      | Noticed Terence
  2389 | D:3      | Killed Terence
  2390 | D:3      | Reached XP level 5. HP: 19/28 MP: 1/12
  2570 | D:3      | Mangled by a gnoll

Illustrated notes

Levels and vault maps discovered:
D:1:      minmay_arrival_solitary_statue, layout_loops_ring
D:2:      layout_loops_cross, hangedman_decor_lopped, uniq_natasha
D:3:      layout_basic, serial_shops, nicolae_shop_tiny_glass,
          nicolae_shop_statue_plus, shop, nicolae_shop_just_a_little_nook,
          chequers_ecumenical_altar_simple, gammafunk_ghost_nasty_kobolds,
          uniq_terence

Skill      XL: |  1  2  3  4  5 |
---------------+----------------+-----
Fire Magic     | 4 |  4.6
Conjurations   | 2 3 4 |  4.2
Dodging        | |  2.6
Stealth        | |  2.4
Spellcasting   | |  3.7

Action                     |  1- 3 |  4- 6 || total
---------------------------+-------+-------++-------
  Melee: Unarmed           |     9 |       ||     9
         Dagger            |     1 |     2 ||     3
   Cast: Foxfire           |    67 |    30 ||    97
         Scorch            |     4 |    15 ||    19
         Flame Wave        |       |     1 ||     1
    Use: Scroll            |     5 |       ||     5
         Potion            |       |     2 ||     2
 Armour: Robe              |    10 |     2 ||    12
  Dodge: Dodged            |    25 |     8 ||    33
